 Dungeon Crawl Stone Soup version 0.28-a0-79-g444c7a33f5 (webtiles) character file.

Game seed: 11150031021123757759

454 siradein the Ruffian (level 6, -1/44 HPs)
             Began as a Demonspawn Gladiator on Aug 3, 2021.
             Was a Follower of Dithmenos.
             Succumbed to an orc's poison
             ... on level 4 of the Dungeon.
             The game lasted 00:10:11 (5257 turns).

siradein the Ruffian (Demonspawn Gladiator)         Turns: 5257, Time: 00:10:11

Health: -1/44      AC:  3    Str: 17    XL:     6   Next: 76%
Magic:  6/6        EV: 11    Int:  9    God:    Dithmenos [*.....]
Gold:   214        SH:  3    Dex: 14    Spells: 5/5 levels left

rFire   . . .      SeeInvis .     - Unarmed
rCold   . . .      Faith    .   e - +0 buckler
rNeg    . . .      Spirit   .   b - +0 leather armour
rPois   .          Reflect  .   (helmet restricted)
rElec   .          Harm     .   (no cloak)
rCorr   .          Rampage  .   (no gloves)
Will    .....                   (no boots)
Stlth   +.........              (no amulet)
HPRegen 0.14/turn               (no ring)
MPRegen 0.10/turn               (no ring)

@: lethally poisoned (-1 -> -10), wreathed by umbra
A: horns 1, spiny 1, demonic magic 2
a: Renounce Religion


You were on level 4 of the Dungeon.
You worshipped Dithmenos.
Dithmenos was aware of your devotion.
You visited 1 branch of the dungeon, and saw 5 of its levels.

You collected 214 gold pieces.

Inventory:

Missiles
 d - 2 throwing nets (quivered)
Armour
 b - a +0 leather armour (worn)
 e - a +0 buckler (worn)
Wands
 l - a wand of mindburst (20)
Scrolls
 a - a scroll of magic mapping {unknown}
 h - a scroll of holy word {unknown}
 i - 8 scrolls of identify {unknown}
 j - 2 scrolls of enchant weapon {unknown}
 k - 3 scrolls of teleportation {unknown}
 q - a scroll of brand weapon {unknown}
 s - a scroll of blinking {unknown}
 u - a scroll of torment {unknown}
Potions
 c - a potion of ambrosia {unknown}
 f - a potion of brilliance {unknown}
 g - 5 potions of curing {unknown}
 m - a potion of cancellation {unknown}
 n - 2 potions of degeneration {unknown}
 o - a potion of lignification {unknown}
 p - a potion of magic {unknown}
 r - a potion of resistance {unknown}
 t - a potion of might {unknown}


   Skills:
 - Level 2.0 Fighting
 - Level 3.8 Maces & Flails
 - Level 1.7 Throwing
 - Level 2.6 Dodging
 + Level 5.7 Unarmed Combat


You had 5 spell levels left.
You didn't know any spells.
Your spell library contained the following spells:

 Spells                   Type           Power      Damage    Failure   Level
 Corona                   Hex            0%         N/A       63%         1
 Foxfire                  Conj/Fire      0%         2x1d4     63%         1
 Magic Dart               Conj           0%         1d3       63%         1
 Call Imp                 Summ           0%         N/A       77%         2
 Mephitic Cloud           Conj/Pois/Air  0%         N/A       94%         3
 Summon Guardian Golem    Hex/Summ       0%         N/A       94%         3
 Starburst                Conj/Fire      0%         8x6d3     100%        6


Dungeon Overview and Level Annotations

Branches:
Dungeon (5/15)
 Temple: D:4-7

Altars:
Ashenzari
Cheibriados
Dithmenos
Ru
Xom


Innate Abilities, Weirdness & Mutations

You have a pair of small horns on your head.
You are partially covered in sharp spines.
Spells you cast may paralyse nearby enemies.


Message History

The orc barely misses you.
You completely miss the orc. Your headbutt misses the orc.
The orc is heavily wounded.
You feel sick.
The centaur unwields a +0 shortbow.
The centaur barely misses you.
The centaur kicks you but does no damage.
The orc is struck by your spines. The orc hits you but does no damage.
You are more poisoned.
The orc hits you with a +0 hand axe. The centaur barely misses you.
The centaur kicks you.
You feel sick.
The centaur wields a +0 shortbow.
The centaur shoots an arrow.
The arrow barely misses you. The orc is struck by your spines.
You kill the orc!
Dithmenos accepts your kill.
You feel sick.
The centaur shoots an arrow.
The arrow hits you!
You feel sick.
The centaur shoots an arrow.
The arrow hits you but does no damage.
You feel sick.
The centaur shoots an arrow.
The arrow hits you!
* * * LOW HITPOINT WARNING * * *
You feel sick.
The centaur shoots an arrow.
The arrow hits you.
* * * LOW HITPOINT WARNING * * *
You feel sick.
You feel sick.
You feel sick.
You are no longer poisoned.
There is a stone staircase leading up here.
The orc closely misses you.
You climb upwards.
There is a stone staircase leading down here.
The orc misses you.
You hit the orc. You headbutt the orc.
The orc is severely wounded.
The orc hits you with a +2 dagger of venom.
* * * LOW HITPOINT WARNING * * *
You are lethally poisoned!
* * * LOW HITPOINT WARNING * * *
You feel very sick.
* * * LOW HITPOINT WARNING * * *
You feel sick.
You die...

#..##.# #.....##.##
##.###.# #......#..#
#..# #.# #....#.##.#
..## #.# ###.##.##.#
### #.# #.##....#
#.# #.####### #.#
#o## #.# #..# #.#
##@# #.# #.# # ##.#
#.# ### #..# #.#
..###.### #.#
..#.....##### ##.###
..#....<....###....#
........###........#
#.....).# #####....#


You could see an orc.

Vanquished Creatures
  An ogre (D:4)
  A scorpion (D:5)
  A hound (D:5)
  A hound skeleton (D:4)
  7 gnolls
  10 adders
  An ufetubus (D:4)
  An adder skeleton (D:4)
  An adder zombie (D:1)
  2 worms
  A dart slug (D:1)
  2 orcs (D:5)
  6 ball pythons
  A bat zombie (D:1)
  6 endoplasms
  6 giant cockroaches
  5 goblins
  8 hobgoblins
  14 jackals
  8 kobolds
  6 quokkas
  A bat (D:1)
  4 frilled lizards
  6 rats
100 creatures vanquished.

Vanquished Creatures (others)
  18 plants (D:3)
18 creatures vanquished.

Grand Total: 118 creatures vanquished

Notes
Turn   | Place    | Note
-------+----------+-------------------------------------------
     0 | D:1      | siradein the Demonspawn Gladiator began the quest for the
                  | Orb.
     0 | D:1      | Reached XP level 1. HP: 16/16 MP: 1/1
   202 | D:1      | Gained mutation: You are partially covered in sharp spines.
                  | [demonic ancestry]
   202 | D:1      | Reached XP level 2. HP: 21/22 MP: 2/2
   320 | D:1      | Found a faded altar of an unknown god.
   478 | D:1      | Gained mutation: You have a pair of small horns on your
                  | head. [demonic ancestry]
   478 | D:1      | Reached XP level 3. HP: 25/27 MP: 3/3
  1075 | D:2      | Reached skill level 1 in Unarmed Combat
  1292 | D:2      | Reached skill level 2 in Unarmed Combat
  1292 | D:2      | Gained mutation: Spells you cast may paralyse adjacent
                  | enemies. [demonic ancestry]
  1292 | D:2      | Reached XP level 4. HP: 15/33 MP: 4/4
  2170 | D:3      | Got Sif Muna's Compendium of Bewitching Confrontation
  2209 | D:3      | Found a broken altar of Ashenzari.
  2300 | D:3      | Found a sacrificial altar of Ru.
  2336 | D:3      | Reached skill level 3 in Unarmed Combat
  2677 | D:3      | Reached XP level 5. HP: 27/38 MP: 5/5
  3069 | D:3      | Found a shadowy altar of Dithmenos.
  3241 | D:3      | Became a worshipper of Dithmenos the Shadowed
  3271 | D:4      | Found a shimmering altar of Xom.
  3540 | D:4      | Reached skill level 4 in Unarmed Combat
  4230 | D:4      | Noticed an ogre
  4241 | D:4      | Killed an ogre
  4242 | D:4      | Reached skill level 5 in Unarmed Combat
  4242 | D:4      | Gained mutation: Spells you cast may paralyse nearby
                  | enemies. [demonic ancestry]
  4242 | D:4      | Reached XP level 6. HP: 44/44 MP: 6/6
  4512 | D:5      | Entered Level 5 of the Dungeon
  4544 | D:5      | Found a snail-covered altar of Cheibriados.
  4677 | D:5      | Reached * piety under Dithmenos
  5185 | D:5      | Noticed an ice beast
  5196 | D:5      | HP: 2/44 [poisoned by an orc]
  5255 | D:4      | HP: 2/44 [poisoned by an orc]
  5257 | D:4      | Succumbed to an orc's poison

Illustrated notes

Levels and vault maps discovered:
D:1:      saegor_arrival_fortress, layout_loops_ring,
          ebering_ecumenical_altar_sacrificial
D:2:      layout_basic, minmay_circled_x
D:3:      layout_rooms, mainiacjoe_overflow_alcove_4, nicolae_ru_path_of_blood,
          ashenzari_altar_1, serial_bayou, serial_bayou_ford_a,
          serial_bayou_crossing, serial_bayou_lagoon_a, serial_bayou_pond_c
D:4:      layout_rooms, mainiacjoe_overflow_concentric_impassable
D:5:      layout_basic, amcnicky_altar_gilded, mainiacjoe_overflow_catwalk

Skill      XL: |  1  2  3  4  5 |
---------------+----------------+-----
Maces & Flails | 3 |  3.8
Unarmed Combat | 2 3 5 |  5.7
Fighting       | |  2.0
Throwing       | |  1.7
Dodging        | |  2.6

Action                   |  1- 3 |  4- 6 || total
-------------------------+-------+-------++-------
Melee: Flail             |    41 |       ||    41
       Unarmed           |    61 |   174 ||   235
       Headbutt          |    12 |    36 ||    48
Throw: Throwing net      |       |     1 ||     1
 Stab: Sleeping          |     3 |     2 ||     5
Armor: Leather armour    |    26 |    21 ||    47
Dodge: Dodged            |    67 |    81 ||   148
Block: Buckler           |    12 |    26 ||    38

Table legend: (Time is in decaauts)
 A = Elapsed time spent in this place.
 B = Non-inter-level travel time spent in this place.
 C = Inter-level travel time spent in this place.
 D = Time resting spent in this place.
 E = Time spent auto-exploring this place.
 F = Levels seen in this place.
 G = Mean time per level.
                   A        B        C        D        E       F      G
               +--------+--------+--------+--------+--------+-----+--------+
         Total |   5323 |   5193 |    130 |    792 |   3494 |   5 | 1064.6 |
       Dungeon |   5323 |   5193 |    130 |    792 |   3494 |   5 | 1064.6 |
               +--------+--------+--------+--------+--------+-----+--------+

Top non-repeatable levels by time:
     D:3: 1281 daAuts
     D:2: 1270 daAuts
     D:4: 1246 daAuts
     D:1: 1073 daAuts
     D:5: 450 daAuts
